 Dungeon Crawl Stone Soup version 0.27-a0-765-ge4d627daa3 (webtiles) character file.

Game seed: 15571729378609806652

716 spiderkeys the Poker (level 7, -2/53 HPs)
             Began as a Djinni Berserker on Mar 24, 2021.
             Was a Priest of Trog.
             Slain by a gnoll shaman
             ... wielding a +0 whip
              (10 damage)
             ... on level 4 of the Dungeon.
             The game lasted 00:08:16 (7019 turns).

spiderkeys the Poker (Djinni Berserker)             Turns: 7019, Time: 00:08:17

Health: -2/53      AC:  5    Str: 18    XL:     7   Next: 69%
Gold:   68         EV: 12    Int:  9    God:    Trog [***...] SH:  0 Dex: 12

rFire    + + .     SeeInvis .   e - +1 halberd
rCold    x . .     Faith    .   (shield currently unavailable)
rNeg     . . .     Spirit   .   i - +0 ring mail
rPois    ∞         Reflect  .   (no helmet)
rElec    .         Harm     .   (no cloak)
rCorr    .         Rampage  .   (no gloves)
Will     ++...                  (boots unavailable)
Stlth    +.........             (no amulet)
HPRegen  1.17/turn              (no ring)
MPRegen  0.00/turn              (no ring)

@: coronaed, berserk cooldown, flying, regenerating, glowing
A: fire resistance 2, cold vulnerability 1, float, innate caster, hp casting,
extra vitality 1
a: Renounce Religion, Berserk, Trog's Hand


You were on level 4 of the Dungeon.
You worshipped Trog.
Trog was most pleased with you.
You visited 1 branch of the dungeon, and saw 5 of its levels.

You collected 171 gold pieces.
You spent 103 gold pieces at shops.

Inventory:

Hand Weapons
 a - a +0 spear
 e - a +1 halberd (weapon)
Missiles
 f - 4 silver javelins
Armour
 i - a +0 ring mail (worn)
 m - a +0 kite shield
Jewellery
 r - a ring of ice
 s - a ring of protection from cold
Scrolls
 o - a scroll of noise
 p - a scroll of brand weapon
 q - a scroll of summoning
Potions
 b - a potion of lignification {unknown}
 j - a potion of haste {unknown}
 k - a potion of invisibility {unknown}
 l - a potion of curing


   Skills:
 + Level 4.4 Fighting
 * Level 4.7 Polearms
 + Level 3.8 Armour
 + Level 4.2 Dodging
 + Level 2.7 Shields


You couldn't memorise any spells.
You knew the following spells:

 Your Spells              Type           Power      Damage    Failure   Level
a - Corona                Hex            0%         N/A       56%         1
b - Poisonous Vapours     Pois/Air       0%         N/A       71%         2
c - Static Discharge      Conj/Air       0%         N/A       91%         3
Your spell library was empty.

Dungeon Overview and Level Annotations

Branches:
Dungeon (5/15)             Temple (0/1) D:4

Altars:
Dithmenos
Ru
Uskayaw
Wu Jian
Xom

Shops:
D:2 [?!**


Innate Abilities, Weirdness & Mutations

You are immune to poison.
Your flesh is very heat resistant. (rF++)
You are vulnerable to cold. (rC-)
You float through the air rather than walking.
You learn spells naturally, not from books.
Your magical power is your life essence.
You have superior vitality. (+4 HP)


Message History

You reach to attack!
You barely miss the gnoll shaman. The gnoll shaman closely misses you.
The gnoll hits you from afar with a +0 spear.
You puncture the gnoll shaman!
The gnoll shaman is heavily wounded.
The gnoll hits you from afar with a +0 spear.
The gnoll shaman barely misses you. The gnoll closely misses you.
The gnoll shaman hits you but does no damage.
The gnoll hits you from afar with a +0 spear.
The gnoll hits you from afar with a +0 spear.
The gnoll shaman hits you with a +0 whip!
The gnoll misses you.
You fly upwards.
There is a stone staircase leading down here.
You are too injured to fight recklessly!
You barely miss the gnoll shaman.
The gnoll shaman is heavily wounded.
The gnoll shaman hits you with a +0 whip.
* * * LOW HITPOINT WARNING * * *
The gnoll shaman mumbles some strange prayers to its god against you.
You are outlined in light.
Your skin crawls.
You feel strong-willed.
You feel yourself speed up.
The gnoll shaman hits you with a +0 whip.
* * * LOW HITPOINT WARNING * * *
The gnoll shaman barely misses you.
You closely miss the gnoll shaman.
The gnoll shaman is heavily wounded.
The gnoll shaman hits you with a +0 whip!
* * * LOW HITPOINT WARNING * * *
You feel better.
The gnoll shaman hits you with a +0 whip.
* * * LOW HITPOINT WARNING * * *
You closely miss the gnoll shaman.
The gnoll shaman is heavily wounded.
The gnoll shaman hits you but does no damage.
You puncture the gnoll shaman!
The gnoll shaman is almost dead.
The gnoll shaman hits you with a +0 whip!
You die...

###.###.###)............##..#####
....# ##..))######.#######..#####
#.#.# ####.# #.# #....... ....#
#.# #.# #.###### #.#.#######.#
###.#######.### # ....##......#
#.............# # #.#.##.######
#.###########.# # ....##.# #.#
#.# # #.#.##.# #@# #.# # ....##.#
#g# #.# # .##.##.# #####.#######
#.# # ....##.# #...........# #.#
# ######.# #.###.#####.# #.# #
#.#####.# #.# #.#####.####
#.......# #.# #...........
######### #.###########.####
#.[...........#


You could see a gnoll shaman.

Vanquished Creatures
  An ice beast (D:4)
  2 ogres
  A centaur zombie (D:4)
  The ghost of mojowtm the Vandal, a weakling SpHu (D:3)
  5 orc priests
  2 orc wizards (D:4)
  7 gnolls
  4 adders
  A worm (D:2)
  6 dart slugs
  10 orcs
  7 endoplasms
  A giant cockroach (D:3)
  6 goblins
  7 hobgoblins
  4 jackals (D:4)
  5 kobolds
  2 quokkas
  6 ball pythons
  3 bats
  A frilled lizard (D:1)
  2 rats (D:1)
84 creatures vanquished.

Notes
Turn   | Place    | Note
-------+----------+-------------------------------------------
     0 | D:1      | spiderkeys the Djinni Berserker began the quest for the
                  | Orb.
     0 | D:1      | Reached XP level 1. HP: 20/20 MP: 0/0
   505 | D:1      | Reached XP level 2. HP: 25/25 MP: 0/0
   972 | D:1      | Reached XP level 3. HP: 30/30 MP: 0/0
   972 | D:1      | Learned a level 1 spell: Corona
  1611 | D:2      | Found Plog's General Store.
  1659 | D:2      | Found Ecappor's General Store.
  1821 | D:2      | Found Ythoutez's Magic Scroll Shoppe.
  1902 | D:2      | Found Beuzowoj's Antique Armour Shop.
  1942 | D:2      | Found a sacrificial altar of Ru.
  1946 | D:2      | Reached XP level 4. HP: 30/35 MP: 0/0
  1987 | D:2      | Found Wiot's Distillery.
  2006 | D:2      | Reached ** piety under Trog
  2760 | D:2      | Bought a potion of curing for 33 gold pieces
  2852 | D:3      | Reached skill level 1 in Shields
  3120 | D:3      | Reached XP level 5. HP: 40/40 MP: 0/0
  3120 | D:3      | Learned a level 2 spell: Poisonous Vapours
  3553 | D:3      | Found a transporter.
  3557 | D:3      | Found a transporter.
  3557 | D:3      | Noticed mojowtm's ghost (weakling SpHu)
  3667 | D:3      | Killed mojowtm's ghost
  3886 | D:4      | Noticed an ogre
  3891 | D:4      | Killed an ogre
  3892 | D:4      | Reached XP level 6. HP: 15/47 MP: 0/0
  4781 | D:4      | Noticed an ice beast
  4802 | D:4      | Killed an ice beast
  5172 | D:4      | Found a staircase to the Ecumenical Temple.
  5186 | D:4      | Reached XP level 7. HP: 49/52 MP: 0/0
  5186 | D:4      | Learned a level 3 spell: Static Discharge
  5834 | D:4      | Found a shimmering altar of Xom.
  5834 | D:4      | Found a hide-covered altar of Uskayaw.
  5842 | D:4      | Found a faded altar of an unknown god.
  5844 | D:4      | Found an ornate altar of the Wu Jian Council.
  5846 | D:4      | Found a shadowy altar of Dithmenos.
  6069 | D:4      | Reached *** piety under Trog
  6337 | D:2      | Bought a potion of heal wounds for 70 gold pieces
  6533 | D:5      | Entered Level 5 of the Dungeon
  7016 | D:4      | HP: 1/53 [gnoll shaman/+0 whip (10)]
  7019 | D:4      | Slain by a gnoll shaman

Illustrated notes

Levels and vault maps discovered:
D:1:      dpeg_arrival_water_temple_mockup, layout_rooms,
          serial_co_window_serial, co_window_corner_a, co_window_paths_a,
          co_window_corner_a, co_window_of_opportunity_a, co_window_paths_a,
          co_window_paths_a, co_window_corner_a, co_window_corner_b,
          co_window_broadway_c, co_window_corner_b, co_window_4corner_b,
          co_window_paths_e, glass_columns_b, glass_columns_b,
          grunt_decor_resistance
D:2:      layout_basic, overflow_temple_1_default, serial_shops,
          nicolae_shop_competitors_out_of_business, shop,
          nicolae_shop_temple_entry_statues_fountains, shop, nicolae_shop_stone
D:3:      layout_basic, gammafunk_ghost_arena
D:4:      layout_loops_ring, chequers_temple_overflow_minitemple,
          minmay_temple_entry_statues, serial_glass, glass_columns_b,
          glass_columns_a, glass_columns_c, glass_columns_b
D:5:      cheibrodos_iron_armory, layout_basic, kennysheep_little_box,
          gup_sewer_entry_bowl

Skill      XL: |  1  2  3  4  5  6  7 |
---------------+----------------------+-----
Polearms       | 3 4 |  4.7
Shields        | 1 2 |  2.7
Dodging        | 3 4 |  4.2
Armour         | 3 |  3.8
Fighting       | 4 |  4.4

Action                   |  1- 3 |  4- 6 |  7- 9 || total
-------------------------+-------+-------+-------++-------
Melee: Spear             |    21 |       |       ||    21
       Halberd           |    51 |   155 |    89 ||   295
Invok: Berserk           |     1 |     5 |     3 ||     9
       Trog's Hand       |       |       |     1 ||     1
  Use: Scroll            |       |       |     7 ||     7
       Potion            |       |       |     3 ||     3
 Stab: Sleeping          |     2 |     1 |       ||     3
Armor: Animal skin       |    11 |     1 |       ||    12
       Ring mail         |       |    48 |    34 ||    82
Dodge: Dodged            |    42 |    84 |    45 ||   171

Table legend: (Time is in decaauts)
 A = Elapsed time spent in this place.
 B = Non-inter-level travel time spent in this place.
 C = Inter-level travel time spent in this place.
 D = Time resting spent in this place.
 E = Time spent auto-exploring this place.
 F = Levels seen in this place.
 G = Mean time per level.
                   A        B        C        D        E       F      G
               +--------+--------+--------+--------+--------+-----+--------+
         Total |   7193 |   6850 |    343 |   2931 |   3193 |   5 | 1438.6 |
       Dungeon |   7193 |   6850 |    343 |   2931 |   3193 |   5 | 1438.6 |
               +--------+--------+--------+--------+--------+-----+--------+

Top non-repeatable levels by time:
     D:4: 3021 daAuts
     D:1: 1630 daAuts
     D:2: 1282 daAuts
     D:3: 1173 daAuts
     D:5: 85 daAuts
